 Dungeon Crawl Stone Soup version 0.19.5 (webtiles) character file.

2268 theAP the Basher (level 9, 0/60 HPs)
             Began as a Gargoyle Fighter on Apr 8, 2017.
             Was an Initiate of Gozag.
             Slain by Joseph
             ... wielding a +0 quarterstaff
              (13 damage)
             ... on level 7 of the Dungeon.
             The game lasted 00:11:04 (5864 turns).

theAP the Basher (Gargoyle Fighter)                 Turns: 5864, Time: 00:11:04

Health: 0/60       AC: 15    Str: 21 (23) XL:     9   Next: 38%
Magic:  9/9        EV:  7    Int: 11 (14) God:    Gozag
Gold:   427        SH: 10    Dex:  8 (9)  Spells: 0 memorised, 8 levels left

rFire  . . .     SeeInvis .     t - +2 whip (flame)
rCold  . . .     Gourm    .     b - +0 scale mail
rNeg   + . .     Faith    .     c - +1 shield
rPois  ∞         Spirit   .     l - +2 hat
rElec  +         Reflect  .     x - +0 cloak
rCorr  .         Harm     .     (no gloves)
MR     .....                    (no boots)
Stlth  ..........               (no amulet)
                                (no ring)
                                i - +3 ring of intelligence

@: no status effects
A: clever 1, negative energy resistance 1, electricity resistance, unbreathing,
petrification resistance, rot immunity, AC +5
a: Potion Petition, Call Merchant, Bribe Branch, Renounce Religion


You were on level 7 of the Dungeon.
You worshipped Gozag.
Gozag was aware of your devotion.
You were not hungry.

You visited 1 branch of the dungeon, and saw 7 of its levels.

You collected 876 gold pieces.
You spent 390 gold pieces at shops.
You paid 59 gold pieces to Gozag.

Inventory:

Hand Weapons
 a - a +1 flail
 t - a +2 whip of flaming (weapon)
 v - a -1 whip
Armour
 b - a +0 scale mail (worn)
 c - a +1 shield (worn)
 l - a +2 hat (worn)
 x - a +0 cloak (worn)
Jewellery
 i - a +3 ring of intelligence (left hand)
 u - a cursed amulet of inaccuracy
Wands
 n - a wand of acid (13/15)
 p - a wand of iceblast (8/15)
Scrolls
 g - 5 scrolls of identify
 j - 2 scrolls of immolation
 k - a scroll of remove curse
 o - a scroll of teleportation
 r - a scroll of amnesia
 w - a scroll of noise {unknown}
Potions
 d - a potion of might
 e - 2 potions of degeneration
 h - 3 potions of curing
 m - a potion of lignification
 s - 2 potions of heal wounds
 A - a potion of cure mutation
Books
 y - a book of Misfortune

   Spells                             Type                      Level
   a - Confusing Touch                Hexes                        1
   b - Confuse                        Hexes                        3
   c - Gell's Gravitas                Hexes/Translocation          3
   d - Petrify                        Transmutation/Earth          4
   e - Metabolic Englaciation         Hexes/Ice                    5
   f - Yara's Violent Unravelling     Hexes/Transmutation          5
Comestibles
 f - 3 bread rations
 q - 3 meat rations


   Skills:
 + Level 8.3 Fighting
 * Level 10.2 Maces & Flails
 - Level 3.2 Armour
 - Level 3.2 Shields


You had 8 spell levels left.
You didn't know any spells.

Dungeon Overview and Level Annotations

Branches:
Dungeon (7/15)             Temple (0/1) D:6

Altars:
Fedhas
Gozag
Nemelex Xobeh
Qazlal
Vehumet
Zin

Shops:
D:7 !

Annotations:
D:7 Joseph


Innate Abilities, Weirdness & Mutations

You are resistant to torment.
Your stone body is resilient. (AC +5)
You are immune to poison.
You resist negative energy. (rN+)
You are resistant to electric shocks. (rElec)
You can survive without breathing.
You are immune to petrification.
You are immune to rotting.
Your mind is acute. (Int +2)


Message History

You block Joseph's attack.
You hit Joseph. You burn Joseph.
Joseph is severely wounded.
You block Joseph's attack.
You hit Joseph. You burn Joseph.
Joseph is severely wounded.
You barely miss Joseph.
Joseph is severely wounded.
Joseph hits you with an uncursed quarterstaff.
* * * LOW HITPOINT WARNING * * *
You hit Joseph. You burn Joseph.
Joseph is almost dead.
You hit Joseph. You burn Joseph.
Joseph is almost dead.
You block Joseph's attack.
You hit Joseph but do no damage.
Joseph is almost dead.
Joseph hits you with an uncursed quarterstaff!
You die...
Your body crumbles into a pile of gold.

##.#..# #.#
#.#..####.# , *
#.#.....#(# * *
#.##.##.#(#
#.##.##.#(#
#..#.##.#(# *
##(#.##.#(# *
#.#.##.#.#
#...##.#@#
##########..##.#@#
..).)..........#.#
##########.>####.#
#.......#.# #.#
#.#####.#.# #.#
#.#.# #.# #.#.#
#.# #.#.#


You could see Joseph.

Vanquished Creatures
  Pikel (D:4)
  A hippogriff (D:4)
  The ghost of simples the Skirmisher, an amateur FoAK of Lugonu (D:3)
  An ice beast (D:6)
  A phantom (D:4)
  A sky beast (D:7)
  A black bear (D:7)
  A crocodile (D:7)
  Blork the orc (D:5)
  A bullfrog (D:6)
  A scorpion (D:5)
  4 wights (D:6)
  A howler monkey (D:6)
  A crimson imp (D:6)
  A bullfrog zombie (D:5)
  3 hounds
  A centaur skeleton (D:7)
  An orc wizard (D:5)
  2 iguanas
  7 worker ants
  A hound skeleton (D:4)
  A howler monkey zombie (D:5)
  A worker ant zombie (D:6)
  9 gnolls
  8 adders
  A shadow imp (D:6)
  2 oozes (D:5)
  4 worms
  A dart slug (D:2)
  8 orcs
  4 giant cockroaches
  A goblin (D:3)
  5 hobgoblins
  4 jackals (D:3)
  3 kobolds
  4 quokkas
  7 bats
  5 frilled lizards
  A jackal skeleton (D:5)
  A leopard gecko zombie (D:6)
  A quokka skeleton (D:7)
  9 rats
  A fungus (D:6)
114 creatures vanquished.

Vanquished Creatures (others)
  A worker ant (D:4)
  An adder (D:4)
  An orc (D:4)
  A giant cockroach (D:4)
  A hobgoblin (D:2)
  A rat (D:4)
6 creatures vanquished.

Grand Total: 120 creatures vanquished

Notes
Turn   | Place    | Note
-------+----------+-------------------------------------------
     0 | D:1      | theAP the Gargoyle Fighter began the quest for the Orb.
     0 | D:1      | Reached XP level 1. HP: 14/14 MP: 1/1
   371 | D:1      | Reached XP level 2. HP: 14/19 MP: 2/2
   682 | D:2      | Reached skill level 3 in Maces & Flails
   682 | D:2      | Reached XP level 3. HP: 14/24 MP: 3/3
   948 | D:2      | Reached XP level 4. HP: 29/29 MP: 4/4
  1235 | D:2      | Found a stormy altar of Qazlal.
  1629 | D:3      | Reached skill level 4 in Maces & Flails
  2004 | D:3      | Found a faded altar of an unknown god.
  2004 | D:3      | Noticed simples's ghost (amateur FoAK)
  2032 | D:3      | Killed simples's ghost
  2032 | D:3      | Reached skill level 5 in Fighting
  2032 | D:3      | Reached skill level 5 in Maces & Flails
  2032 | D:3      | Reached XP level 5. HP: 17/35 MP: 5/5
  2032 | D:3      | Reached XP level 6. HP: 20/40 MP: 6/6
  2235 | D:3      | Found a glowing silver altar of Zin.
  2235 | D:3      | Found an opulent altar of Gozag.
  2243 | D:3      | Became a worshipper of Gozag Ym Sagoz the Greedy
  2310 | D:3      | Found a sparkling altar of Nemelex Xobeh.
  2718 | D:4      | Noticed a slave
  2718 | D:4      | Noticed a slave
  2719 | D:4      | Noticed a slave
  2719 | D:4      | Noticed a slave
  2720 | D:4      | Noticed Pikel
  2742 | D:4      | Killed Pikel
  2742 | D:4      | Reached skill level 6 in Maces & Flails
  2742 | D:4      | Reached XP level 7. HP: 30/46 MP: 7/7
  2750 | D:4      | Reached skill level 7 in Maces & Flails
  3095 | D:4      | Noticed a hippogriff
  3112 | D:4      | Killed a hippogriff
  3112 | D:4      | Reached XP level 8. HP: 25/52 MP: 8/8
  3669 | D:5      | Entered Level 5 of the Dungeon
  3717 | D:5      | Reached skill level 8 in Maces & Flails
  3852 | D:5      | Noticed Blork the orc
  3888 | D:5      | Killed Blork the orc
  4263 | D:5      | Found a radiant altar of Vehumet.
  4516 | D:6      | Found a staircase to the Ecumenical Temple.
  4635 | D:6      | Reached skill level 9 in Maces & Flails
  4744 | D:6      | Reached XP level 9. HP: 58/58 MP: 9/9
  5145 | D:6      | Found a blossoming altar of Fedhas.
  5439 | D:7      | Reached skill level 10 in Maces & Flails
  5651 | D:7      | Found Zinah's Distillery.
  5660 | D:7      | Bought a potion of mutation for 30 gold pieces
  5660 | D:7      | Bought a potion of mutation for 30 gold pieces
  5660 | D:7      | Bought a potion of mutation for 30 gold pieces
  5661 | D:7      | Gained mutation: You are agile. (Dex +2) [potion of mutation]
  5661 | D:7      | Gained mutation: Scrolls take you a little longer to read. [potion of mutation]
  5661 | D:7      | Lost mutation: You are agile. (Dex +2) [potion of mutation]
  5662 | D:7      | Gained mutation: Your spells are a little easier to cast, but a little less powerful. [potion of mutation]
  5662 | D:7      | Gained mutation: You passively map a small area around you. [potion of mutation]
  5662 | D:7      | Gained mutation: You regenerate slowly when monsters are visible. [potion of mutation]
  5663 | D:7      | Gained mutation: You are clumsy. (Dex -2) [potion of mutation]
  5663 | D:7      | Gained mutation: You are dopey. (Int -2) [potion of mutation]
  5663 | D:7      | Gained mutation: Your body sometimes deteriorates upon taking damage. [potion of mutation]
  5667 | D:7      | Bought a potion of cure mutation for 300 gold pieces
  5667 | D:7      | Lost mutation: You are dopey. (Int -2) [potion of cure mutation]
  5667 | D:7      | Lost mutation: You are clumsy. (Dex -2) [potion of cure mutation]
  5667 | D:7      | Lost mutation: Scrolls take you a little longer to read. [potion of cure mutation]
  5667 | D:7      | Lost mutation: Your spells are a little easier to cast, but a little less powerful. [potion of cure mutation]
  5667 | D:7      | Lost mutation: Your body sometimes deteriorates upon taking damage. [potion of cure mutation]
  5668 | D:7      | Lost mutation: You regenerate slowly when monsters are visible. [potion of cure mutation]
  5668 | D:7      | Lost mutation: You passively map a small area around you. [potion of cure mutation]
  5684 | D:7      | Gained mutation: Your mind is acute. (Int +2) [potion of beneficial mutation]
  5824 | D:7      | Noticed Joseph
  5864 | D:7      | Slain by Joseph

Skill      XL: |  1  2  3  4  5  6  7  8  9 |
---------------+----------------------------+-----
Maces & Flails | 3 5 6 7 9 10 | 10.2
Fighting       | 4 5 6 7 8 |  8.3
Armour         | |  3.2
Shields        | |  3.2

Action                   |  1- 3 |  4- 6 |  7- 9 || total
-------------------------+-------+-------+-------++-------
Melee: Flail             |   136 |   161 |     6 ||   303
       Whip              |       |       |   429 ||   429
  Use: Scroll            |       |     8 |     3 ||    11
       Potion            |       |     1 |    13 ||    14
 Stab: Distracted        |       |       |     2 ||     2
  Eat: Chunk             |       |     5 |       ||     5
       Fruit             |       |       |     6 ||     6
       Meat ration       |       |       |     1 ||     1
       Pizza             |       |       |     1 ||     1
       Beef jerky        |       |       |     1 ||     1
Armor: Scale mail        |    81 |    82 |   148 ||   311
Dodge: Dodged            |    43 |    35 |    64 ||   142
Block: Shield            |    79 |    78 |   139 ||   296
